 Dungeon Crawl Stone Soup version 0.30.0-29-ga12c61a403 (webtiles) character file.

Game seed: 12069645255225899833

35 wingedge the Changer (level 3, -3/30 HPs)
             Began as a Demigod Wanderer on June 21, 2023.
             Killed by nerve-wracking pain
             ... invoked by Grinder
              (12 damage)
             ... on level 3 of the Dungeon.
             The game lasted 00:05:10 (1642 turns).

wingedge the Changer (Demigod Wanderer)             Turns: 1642, Time: 00:05:11

Health: -3/30      AC:  2    Str: 15    XL:     3   Next: 2%
Magic:  6/6        EV: 11    Int: 19    God:
Gold:   117        SH:  0    Dex: 10    Spells: 0/4 levels left

rFire   . . .        a - +1 sling
rCold   . . .        (no shield)
rNeg    . . .        c - +0 robe
rPois   .            (no helmet)
rElec   .            (no cloak)
rCorr   .            (no gloves)
SInv    +            (no boots)
Will    .....        (no amulet)
Stlth   +            s - ring of see invisible
HPRegen 0.25/turn    (no ring)
MPRegen 0.10/turn

%: no passive effects
@: invisible
A: high MP 1, forlorn, divine attributes
a: no special abilities


You were on level 3 of the Dungeon.
You visited 1 branch of the dungeon, and saw 3 of its levels.

You collected 117 gold pieces.

Inventory:

Hand Weapons
 a - a +1 sling (weapon)
 b - a +0 dagger
 g - a +0 hand axe
Missiles
 e - 4 atropa-tipped darts
 h - 5 poisoned darts
Armour
 c - a +0 robe (worn)
Jewellery
 s - a ring of see invisible (left hand)
Scrolls
 n - a scroll of identify {unknown}
 o - a scroll of enchant weapon {unknown}
Potions
 d - a potion of curing
 i - a potion of might {unknown}
 j - a potion of cancellation {unknown}
 k - a potion of heal wounds {unknown}
 l - a potion of haste {unknown}
 m - a potion of resistance {unknown}


   Skills:
 - Level 2.6 Fighting
 - Level 1.0 Ranged Weapons
 - Level 1.0 Stealth
 - Level 1.0 Spellcasting
 - Level 3.0 Transmutations
 + Level 2.3 Poison Magic
 - Level 1.0 Evocations


You couldn't memorise any spells.
You knew the following spells:

 Your Spells              Type           Power      Damage    Failure   Level
a - Sting                 Tmut/Pois      44%        1d5       6%          1
b - Spider Form           Tmut/Pois      11%        N/A       19%         3

Your spell library contained the following spells:

 Spells                   Type           Power      Damage    Failure   Level
 Wereblood                Tmut           12%        N/A       9%          2
 Tukima's Dance           Hex            0%         N/A       50%         3
 Passage of Golubria      Tloc           0%         N/A       88%         4
 Yara's Violent Unravell  Hex/Tmut       3%         3d4       95%         5


Dungeon Overview and Level Annotations

Branches:
Dungeon (3/15)

Shops:
D:2 [

Annotations:
D:3 Grinder


Innate Abilities, Weirdness & Mutations

You have an increased reservoir of magic. (+10% MP)
You shall have no god before yourself.
Your divine heritage dramatically boosts your attributes as you level up.


Message History

Here: Grinder The floor.
Unknown command.
You fade into invisibility!
Casting: Sting (safe; 6% risk of failure)
Confirm with . or Enter, or press ? or * to list all spells.
Okay, then.
You shoot a sling bullet. The sling bullet barely misses Grinder.
Grinder gestures at you. Pain shoots through your body!
You shoot a sling bullet. The sling bullet barely misses Grinder.
Grinder gestures at you. Pain shoots through your body!
You shoot a sling bullet.
The sling bullet closely misses Grinder.
Grinder gestures at you. You resist with significant effort.
You shoot a sling bullet. The sling bullet hits Grinder.
Grinder is lightly wounded.
You shoot a sling bullet.
The sling bullet closely misses Grinder.
Grinder gestures at you.
You suddenly lose the ability to move!
You can move again.
You shoot a sling bullet.
The sling bullet completely misses Grinder.
Grinder hits you!
You writhe in agony.
* * * LOW HITPOINT WARNING * * *
Grinder hits you.
* * * LOW HITPOINT WARNING * * *
Grinder gestures at something.
You suddenly lose the ability to move!
Grinder gestures at something.
You shrug off the repeated paralysis!
You can move again.
Grinder gestures at something.
You barely resist.
Grinder gestures at something.
Pain shoots through your body!
You die...

##################
............5....#
################5#
#...........#.#
#.#########.#.#
#.# #...^<#.# #.#
#.....#.#
#.###########@#
#..†..........#
#############.#
#.# ###


You could see Grinder (unable to see you).

Vanquished Creatures
  An adder (D:3)
  A worm (D:3)
  3 endoplasms
  A giant cockroach (D:2)
  2 hobgoblins (D:2)
  3 jackals (D:2)
  A quokka (D:1)
  3 ball pythons
  A bat (D:2)
  A frilled lizard (D:1)
  2 goblins
  3 kobolds
  2 rats (D:1)
24 creatures vanquished.

Notes
Turn   | Place    | Note
-------+----------+-------------------------------------------
     0 | D:1      | wingedge the Demigod Wanderer began the quest for the Orb.
     0 | D:1      | wingedge set off with the following items: a +1 sling, a
                  | potion of invisibility, a +0 robe; and the following spell
                  | memorised: Sting; and the following spells available to
                  | memorise: Wereblood, Spider Form.
     0 | D:1      | Reached XP level 1. HP: 18/18 MP: 4/4
   256 | D:1      | Reached skill level 1 in Poison Magic
   794 | D:2      | Reached XP level 2. HP: 25/25 MP: 5/5
  1346 | D:2      | Found Keomiwa's Antique Armour Shoppe.
  1531 | D:3      | Reached skill level 3 in Transmutations
  1531 | D:3      | Reached XP level 3. HP: 30/30 MP: 1/6
  1561 | D:3      | Learned a level 3 spell: Spider Form
  1610 | D:3      | Noticed Grinder
  1616 | D:3      | Paralysed by Grinder for 2 turns
  1620 | D:3      | Paralysed by Grinder for 3 turns
  1642 | D:3      | Killed from afar by Grinder

Illustrated notes

Levels and vault maps discovered:
D:1:      tarquinn_simple_flora_water_c, layout_loops_ring,
          basic_ecumenical_altar
D:2:      layout_basic, serial_shops, nicolae_lakefront_shop
D:3:      layout_basic, minitemple, mainiacjoe_overflow_divided_tiny,
          portal_sewer_entry_f, uniq_natasha, uniq_grinder,
          uniq_crazy_yiuf_cottage

Skill      XL: |  1  2 |
---------------+-------+-----
Poison Magic   | 1 2 |  2.3
Transmutations | 3 |  3.0
Fighting       | |  2.6
Ranged Weapons | |  1.0
Stealth        | |  1.0
Spellcasting   | |  1.0
Evocations     | |  1.0

Action                     || total
---------------------------++-------
   Fire: Sling             ||    37
   Cast: Sting             ||    30
    Use: Potion            ||     1
 Armour: Robe              ||     2
  Dodge: Dodged            ||    11
